 Dungeon Crawl Stone Soup version 0.29-a0-321-gf1c400731a (webtiles) character file.

Game seed: 13362364862590773025

26 tilp the Chiller (level 2, -2/12 HPs)
             Began as a Felid Ice Elementalist on Apr 4, 2022.
             Slain by Natasha (8 damage)
             ... on level 2 of the Dungeon.
             The game lasted 00:01:18 (1338 turns).

tilp the Chiller (Felid Ice Elementalist)           Turns: 1338, Time: 00:01:19

Health: -2/12      AC:  1    Str:  4    XL:     2   Next: 89%
Magic:  5/6        EV: 17    Int: 16    God:
Gold:   57         SH:  0    Dex: 16    Spells: 4/5 levels left
                                        Lives:  0   Deaths: 0

rFire   . . .      SeeInvis +   (weapon unavailable)
rCold   . . .      Faith    .   (shield unavailable)
rNeg    . . .      Spirit   .   (body armour unavailable)
rPois   .          Reflect  .   (helmet unavailable)
rElec   .          Harm     .   (cloak unavailable)
rCorr   .          Rampage  .   (gloves unavailable)
Will    .....                   (boots unavailable)
Stlth   ++........              (no amulet)
HPRegen 0.04/turn               (no ring)
MPRegen 0.10/turn               (no ring)

@: slowed, slow
A: very small, claws 1, fangs 3, see invisible, speed 1, shaggy fur 1, stealthy
paws, no weapons or thrown items, no armour, multi-lived
a: no special abilities


You were on level 2 of the Dungeon.
You visited 1 branch of the dungeon, and saw 2 of its levels.

You collected 57 gold pieces.

Inventory:

Scrolls
 e - 4 scrolls of identify
Potions
 a - a potion of magic
 b - 2 potions of curing
 d - a potion of flight


   Skills:
 + Level 1.1 Fighting
 - Level 2.6 Dodging
 - Level 2.6 Stealth
 + Level 2.3 Spellcasting
 * Level 4.1 Ice Magic


You had 4 spell levels left.
You knew the following spells:

 Your Spells              Type           Power      Damage    Failure   Level
a - Freeze                Ice            60%        1d8       3%          1

Your spell library contained the following spells:

 Spells                   Type           Power      Damage    Failure   Level
 Frozen Ramparts          Ice            30%        1d5       11%         3
 Ozocubu's Armour         Ice            15%        N/A       11%         3
 Hailstorm                Conj/Ice       8%         3d4       65%         4


Dungeon Overview and Level Annotations

Branches:
Dungeon (2/15)

Altars:

Annotations:
D:2 Natasha


Innate Abilities, Weirdness & Mutations

You have sharp claws.
You have razor-sharp teeth.
You have supernaturally acute eyesight. (SInv)
You cover ground quickly. (Speed+)
You are covered in fur. (AC +1)
Your paws help you pounce on unaware monsters.
You are incapable of wielding weapons or throwing items.
You cannot wear armour.
You gain extra lives every three experience levels.


Message History

Aiming: Freeze (safe; 3% risk of failure)
Press: ? - help, Shift-Dir - straight line, f - jackal
Aim: a jackal You freeze the jackal.
The jackal is almost dead.
The jackal closely misses you. The jackal barely misses you.
Unknown command.
Casting: Freeze (safe; 3% risk of failure)
Confirm with . or Enter, or press ? or * to list all spells.
Aiming: Freeze (safe; 3% risk of failure)
Press: ? - help, Shift-Dir - straight line, f/p - jackal
Aim: a jackal (almost dead)
You freeze the jackal.
You kill the jackal!
Unknown command.
Natasha, Servant of Life and Death comes into view.
Found a scroll labelled NURGHO IJOWUREIVOL.
Natasha is nearby!
Natasha is nearby!
Natasha is nearby!
Found a stone staircase leading down.
Natasha casts a spell at you.
You feel yourself slow down.
Unknown command.
You start waiting.
Natasha casts a spell.
Natasha stares at you and mumbles some strange words.
The magic dart hits you.
Ouch! That really hurt!
Natasha barely misses you. The crimson imp closely misses you.
Casting: Freeze (safe; 3% risk of failure)
Confirm with . or Enter, or press ? or * to list all spells.
Aiming: Freeze (safe; 3% risk of failure)
Press: ? - help, Shift-Dir - straight line, f - crimson imp
Aim: a crimson imp (summoned)
You freeze the crimson imp.
The crimson imp is frozen!
The crimson imp is heavily wounded.
Natasha misses you. The crimson imp misses you. Natasha claws you!
Ouch! That really hurt!
You die...

#........†.###.#........#
#..........+...#+###+####
#.....#.#..###.........
#.....#.#..# #.....#.##
#.....#.#.#####....#.##
.....#.#.##...........
#....#.#.##...........
##....#.#.##....5.####.
#.....#.#.##+##@.......
+...# #.#.#.....h..###.
#...# #.#.#........+
##...###.#..........#
.....'...#+...?.....#
##...######..........
##....)...#.........>.
##........#............
##........#


You could see Natasha and a crimson imp (summoned).

Vanquished Creatures
  A dart slug (D:2)
  A bat (D:1)
  2 endoplasms (D:1)
  3 goblins (D:1)
  2 hobgoblins (D:1)
  4 jackals (D:2)
  2 ball pythons (D:1)
  A frilled lizard (D:1)
  6 kobolds
  A rat (D:1)
23 creatures vanquished.

Notes
Turn   | Place    | Note
-------+----------+-------------------------------------------
     0 | D:1      | tilp the Felid Ice Elementalist began the quest for the
                  | Orb.
     0 | D:1      | Reached XP level 1. HP: 7/7 MP: 4/4
   367 | D:1      | Reached XP level 2. HP: 12/12 MP: 6/6
   442 | D:1      | Found a faded altar of an unknown god.
   874 | D:1      | Reached skill level 4 in Ice Magic
  1143 | D:2      | Reached skill level 1 in Fighting
  1331 | D:2      | Noticed Natasha
  1336 | D:2      | Noticed a crimson imp
  1338 | D:2      | Slain by Natasha

Illustrated notes

Levels and vault maps discovered:
D:1:      dpeg_arrival_tiny_j, layout_basic, dreamdust_ecumenical_altar_grove
D:2:      layout_basic, serial_co_window_serial, co_window_paths_b,
          co_window_paths_a, co_window_paths_b, co_window_of_opportunity_a,
          co_window_of_opportunity_a, co_window_broadway_c, co_window_paths_c,
          co_window_cross_3, co_window_paths_e, chequers_serial_rivers_room_b,
          uniq_natasha

Skill      XL: |  1  2 |
---------------+-------+-----
Ice Magic      | 4 |  4.1
Fighting       | 1 |  1.1
Dodging        | |  2.6
Stealth        | |  2.6
Spellcasting   | |  2.3

Action                   || total
-------------------------++-------
Melee: Unarmed           ||    12
       Bite              ||     1
 Cast: Freeze            ||    28
  Use: Scroll            ||     5
 Stab: Sleeping          ||     6
Armor: Skin              ||     2
Dodge: Dodged            ||    24

Table legend: (Time is in decaauts)
 A = Elapsed time spent in this place.
 B = Non-inter-level travel time spent in this place.
 C = Inter-level travel time spent in this place.
 D = Time resting spent in this place.
 E = Time spent auto-exploring this place.
 F = Levels seen in this place.
 G = Mean time per level.
                   A        B        C        D        E       F      G
               +--------+--------+--------+--------+--------+-----+--------+
         Total |   1202 |   1185 |     17 |    137 |    898 |   2 |  601.0 |
       Dungeon |   1202 |   1185 |     17 |    137 |    898 |   2 |  601.0 |
               +--------+--------+--------+--------+--------+-----+--------+

Top non-repeatable levels by time:
     D:1: 973 daAuts
     D:2: 228 daAuts
